 Dungeon Crawl Stone Soup version 0.29-a0-830-gcb1280458a (webtiles) character file.

Game seed: 6991645053047304648

100 gruber the Magician (level 5, -3/36 HPs)
             Began as a Djinni Fire Elementalist on July 11, 2022.
             Slain by an orc priest
             ... wielding a +0 hand axe
              (5 damage)
             ... on level 2 of the Dungeon.
             The game lasted 00:01:59 (3727 turns).

gruber the Magician (Djinni Fire Elementalist)      Turns: 3727, Time: 00:02:00

Health: -3/36      AC:  3    Str:  7    XL:     5   Next: 3%
Gold:   111        EV: 12    Int: 19    God:
                   SH:  0    Dex: 13

rFire   + + .      SeeInvis .   (no weapon)
rCold   x . .      Faith    .   (no shield)
rNeg    + . .      Spirit   .   a - +0 robe
rPois   ∞          Reflect  .   (no helmet)
rElec   .          Harm     .   e - +0 cloak
rCorr   .          Rampage  .   (no gloves)
Will    .....                   (boots unavailable)
Stlth   ++........              (no amulet)
HPRegen 0.12/turn               b - ring of positive energy
MPRegen 0.00/turn               (no ring)

@: flying
A: sickness immunity, fire resistance 2, cold vulnerability 1, float, innate
caster, HP casting, extra vitality 1
a: no special abilities


You were on level 2 of the Dungeon.
You visited 1 branch of the dungeon, and saw 3 of its levels.

You collected 111 gold pieces.

Inventory:

Armour
 a - a +0 robe (worn)
 e - a +0 cloak (worn)
Jewellery
 b - a ring of positive energy (left hand)
 j - a +6 ring of intelligence
Scrolls
 d - a scroll of fog {unknown}
 g - a scroll of magic mapping {unknown}
 h - a scroll of vulnerability {unknown}
 i - a scroll of amnesia {unknown}
Potions
 c - 2 potions of curing {unknown}
 f - a potion of invisibility {unknown}
 k - a potion of resistance {unknown}


   Skills:
 * Level 0.4 Fighting
 + Level 0.4 Throwing
 - Level 2.1 Dodging
 - Level 1.5 Stealth
 - Level 4.0 Spellcasting


You couldn't memorise any spells.
You knew the following spells:

 Your Spells              Type           Power      Damage    Failure   Level
a - Foxfire               Conj/Fire      76%        2x1d7     2%          1
b - Scorch                Fire           38%        2d6       4%          2
c - Conjure Flame         Conj/Fire      19%        6-21      8%          3
d - Inner Flame           Hex/Fire       19%        N/A       8%          3
e - Flame Wave            Conj/Fire      19%        2d6       26%         4
f - Magic Dart            Conj           76%        1d6       2%          1
g - Poisonous Vapours     Pois/Air       38%        N/A       4%          2
Your spell library was empty.

Dungeon Overview and Level Annotations

Branches:
Dungeon (3/15)

Altars:


Innate Abilities, Weirdness & Mutations

You are immune to sickness and miasma.
You are immune to poison.
Your flesh is very heat resistant. (rF++)
You are vulnerable to cold. (rC-)
You float through the air rather than walking.
You learn spells naturally, not from books.
Your magical power is your life essence.
You have superior vitality. (+4 MHP)


Message History

You conjure some foxfire!
The orc priest calls down the wrath of Beogh upon you.
Pain shoots through your body!
Unknown command.
Unknown command.
Casting: Foxfire (safe; 2% risk of failure)
Confirm with . or Enter, or press ? or * to list all spells.
You conjure some foxfire!
* * * LOW HITPOINT WARNING * * *
The foxfire hits the orc priest.
The orc priest is heavily wounded.
The foxfire hits the orc priest.
The orc priest is severely wounded.
The orc priest hits you with a +0 hand axe.
* * * LOW HITPOINT WARNING * * *
The orc priest closely misses your foxfire.
Unknown command.
Casting: Foxfire (safe; 2% risk of failure)
Confirm with . or Enter, or press ? or * to list all spells.
You conjure some foxfire!
* * * LOW HITPOINT WARNING * * *
The foxfire hits the orc priest but does no damage.
The orc priest is severely wounded.
The foxfire hits the orc priest but does no damage.
The orc priest is severely wounded.
The orc priest hits you with a +0 hand axe.
* * * LOW HITPOINT WARNING * * *
The orc priest closely misses your foxfire.
Unknown command.
Unknown command.
Casting: Foxfire (safe; 2% risk of failure)
Confirm with . or Enter, or press ? or * to list all spells.
You conjure some foxfire!
* * * LOW HITPOINT WARNING * * *
The foxfire hits the orc priest.
The orc priest is severely wounded.
The foxfire hits the orc priest but does no damage.
The orc priest is severely wounded.
The orc priest hits you with a +0 hand axe.
You die...

..........##...........#
#####.....##...........#
############...........#
.....# #...........#
.....# #....÷......#
.....# #...........#
.....# #...........#
.....# #...o.......#
.....# #...v@§.....#
.....#######...v§......#
.....'....##...........#
.....####.##...........#
.....# #.#......#######
###### #.#.######
#.#.########
#.#.##.....#
#.#.##.###.#


You could see an orc priest (ally target).

Vanquished Creatures
  2 gnolls (D:2)
  An adder (D:2)
  2 dart slugs (D:2)
  An orc (D:3)
  4 ball pythons
  7 bats
  5 endoplasms
  2 giant cockroaches
  6 goblins
  7 hobgoblins
  6 kobolds
  9 quokkas
  A frilled lizard (D:1)
  4 rats
57 creatures vanquished.

Vanquished Creatures (others)
  327 foxfires
327 creatures vanquished.

Grand Total: 384 creatures vanquished

Notes
Turn   | Place    | Note
-------+----------+-------------------------------------------
     0 | D:1      | gruber the Djinni Fire Elementalist began the quest for the
                  | Orb.
     0 | D:1      | gruber set off with the following spells memorised:
                  | Foxfire, Scorch, Conjure Flame, Inner Flame, Flame Wave.
     0 | D:1      | Reached XP level 1. HP: 15/15 MP: 0/0
   372 | D:1      | Reached XP level 2. HP: 14/21 MP: 0/0
   637 | D:1      | Reached skill level 3 in Spellcasting
  1051 | D:1      | Reached XP level 3. HP: 21/25 MP: 0/0
  1051 | D:1      | Learned a level 1 spell: Magic Dart
  2419 | D:2      | Reached XP level 4. HP: 22/31 MP: 0/0
  3059 | D:2      | Reached skill level 4 in Spellcasting
  3702 | D:3      | Reached XP level 5. HP: 30/35 MP: 0/0
  3702 | D:3      | Learned a level 2 spell: Poisonous Vapours
  3727 | D:2      | Slain by an orc priest

Illustrated notes

Levels and vault maps discovered:
D:1:      lightli_arrival_maybe_door_vault, layout_basic, minmay_tripent
D:2:      layout_basic, minmay_misc_feat_five, minmay_pentomino_z4
D:3:      layout_basic, mainiacjoe_overflow_24_doors,
          nzn_hepliaklqana_mist_gate, bloody_makhleb, portal_sewer_entry_f,
          uniq_grinder

Skill      XL: |  1  2  3  4 |
---------------+-------------+-----
Spellcasting   | 3 4 |  4.0
Fighting       | |  0.4
Throwing       | |  0.4
Dodging        | |  2.1
Stealth        | |  1.5

Action                   |  1- 3 |  4- 6 || total
-------------------------+-------+-------++-------
Melee: Unarmed           |     2 |       ||     2
 Cast: Foxfire           |   118 |    72 ||   190
Armor: Robe              |     3 |     2 ||     5
Dodge: Dodged            |     3 |     1 ||     4

Table legend: (Time is in decaauts)
 A = Elapsed time spent in this place.
 B = Non-inter-level travel time spent in this place.
 C = Inter-level travel time spent in this place.
 D = Time resting spent in this place.
 E = Time spent auto-exploring this place.
 F = Levels seen in this place.
 G = Mean time per level.
                   A        B        C        D        E       F      G
               +--------+--------+--------+--------+--------+-----+--------+
         Total |   3726 |   3684 |     42 |      0 |   3361 |   3 | 1242.0 |
       Dungeon |   3726 |   3684 |     42 |      0 |   3361 |   3 | 1242.0 |
               +--------+--------+--------+--------+--------+-----+--------+

Top non-repeatable levels by time:
     D:1: 2076 daAuts
     D:2: 1616 daAuts
     D:3: 33 daAuts
